| TOP OF THE 1ST |
|
Colorado Rockies batting - Pitching for Cincinnati Reds : LHP Dave Rivera
|
|
Pitching: LHP Dave Rivera
|
|
|
Batting: LHB Freddy Troncoso
|
0-0: Foul Ball, location: 2F 0-1: Ball 1-1: Swinging Strike 1-2: Ball 2-2: Strikes out swinging
|
|
Batting: RHB Henry Alvizo
|
0-0: Called Strike 0-1: Hit by Pitch
|
|
Batting: RHB Joel Haycock
|
0-0: Ball 1-0: DOUBLE (Line Drive, 89XD, EV 101.2 MPH) Henry Alvizo to third Runner from 3rd tries for Home, SAFE, throw by RF to trailing runner, SAFE at third!
|
|
Batting: RHB Jason Andrews
|
0-0: Called Strike 0-1: Ball 1-1: Swinging Strike 1-2: Ball 2-2: SINGLE (Groundball, 6D, EV 98.1 MPH) Joel Haycock scores
|
|
Batting: SHB Eddie Quinones
|
0-0: Called Strike Jason Andrews steals 2nd base 0-1: Called Strike 0-2: Ball 1-2: Ball 2-2: Ground out 1-3 (Groundball, 13S, EV 64.4 MPH) Jason Andrews to third
|
|
Batting: SHB Andy Vivas
|
0-0: Ground out U3 (Groundball, 3, EV 81.2 MPH)
|
| Top of the 1st over - 2 runs, 2 hits, 0 errors, 1 left on base; Colorado 2 - Cincinnati 0 |
| BOTTOM OF THE 1ST |
|
Cincinnati Reds batting - Pitching for Colorado Rockies : RHP Colin Lancey Jr.
|
|
Pitching: RHP Colin Lancey Jr.
|
|
|
Batting: SHB Dave Barefoot
|
0-0: Ball 1-0: Foul Ball, location: 2F 1-1: Ball 2-1: Foul Ball, location: 2F 2-2: DOUBLE (Flyball, 78D, EV 106.9 MPH)
|
|
Batting: SHB Tony Prado
|
0-0: Ball 1-0: Ball 2-0: Called Strike 2-1: Foul Ball, location: 2F 2-2: Foul Ball, location: 2F 2-2: Foul Ball, location: 2F 2-2: Ball 3-2: SINGLE (Groundball, 4MD, EV 106.2 MPH) Dave Barefoot to third
|
|
Batting: SHB Jun Tsuda
|
0-0: Fielders Choice at 2nd, 3-6 (Groundball, 3S, EV 89.4 MPH) Dave Barefoot scores
|
|
Batting: LHB Chris Grunwald
|
0-0: Foul Ball, location: 2F 0-1: Ball 1-1: Called Strike Jun Tsuda is caught stealing 2nd base 2-6 1-2: Foul Ball, location: 2F 1-2: Ball 2-2: Strikes out swinging
|
| Bottom of the 1st over - 1 run, 2 hits, 0 errors, 0 left on base; Colorado 2 - Cincinnati 1 |
| TOP OF THE 2ND |
|
Colorado Rockies batting - Pitching for Cincinnati Reds : LHP Dave Rivera
|
|
Batting: SHB Billy Encinias
|
0-0: SINGLE (Groundball, 56S, EV 71.2 MPH) (infield hit)
|
|
Batting: SHB Jon Munoz
|
0-0: Called Strike Billy Encinias steals 2nd base 0-1: Called Strike 0-2: Ball 1-2: Ball 2-2: Ground out 6-3 (Groundball, 6, EV 100.6 MPH)
|
|
Batting: RHB Sterling Acosta
|
0-0: Ball 1-0: Called Strike 1-1: Called Strike 1-2: Ball 2-2: Strikes out swinging
|
|
Batting: LHB Freddy Troncoso
|
0-0: Foul Ball, location: 2F 0-1: Ball 1-1: Swinging Strike 1-2: Foul Ball, location: 2F 1-2: Ball 2-2: Strikes out looking
|
| Top of the 2nd over - 0 runs, 1 hit, 0 errors, 1 left on base; Colorado 2 - Cincinnati 1 |
| BOTTOM OF THE 2ND |
|
Cincinnati Reds batting - Pitching for Colorado Rockies : RHP Colin Lancey Jr.
|
|
Batting: LHB Antonio Figueroa
|
0-0: Ball 1-0: Swinging Strike 1-1: SINGLE (Groundball, 6MS, EV 68.1 MPH) (infield hit)
|
|
Batting: RHB Willie Lazcano
|
0-0: Foul Ball, location: 2F 0-1: Ball 1-1: Ball 2-1: Swinging Strike 2-2: Ball 3-2: Base on Balls Antonio Figueroa to second
|
|
Batting: LHB Jon Ledesma
|
0-0: Ball 1-0: Ball 2-0: Fly out, F8 (Flyball, 78D, EV 105.6 MPH)
|
|
Batting: RHB Steve Castleberry
|
0-0: Ball 1-0: Called Strike 1-1: Ball 2-1: Ball 3-1: Base on Balls Antonio Figueroa to third Willie Lazcano to second
|
|
Batting: RHB Takanibu Kaneshiro
|
0-0: Called Strike 0-1: Fly out, F7 (Flyball, 78S, EV 90.6 MPH) Runner from 3rd tags up, SCORES, throw by LF
|
|
Batting: SHB Dave Barefoot
|
0-0: Called Strike 0-1: SINGLE (Groundball, 3D, EV 95.0 MPH) Willie Lazcano to third Steve Castleberry to second Runner from 3rd tries for Home, SAFE, throw by RF to home
|
|
Batting: SHB Tony Prado
|
0-0: Ball 1-0: Ball 2-0: Foul Ball, location: 2F 2-1: Ground out 4-3 (Groundball, 4, EV 108.1 MPH)
|
| Bottom of the 2nd over - 2 runs, 2 hits, 0 errors, 2 left on base; Colorado 2 - Cincinnati 3 |
| TOP OF THE 3RD |
|
Colorado Rockies batting - Pitching for Cincinnati Reds : LHP Dave Rivera
|
|
Batting: RHB Henry Alvizo
|
0-0: Ball 1-0: SINGLE (Groundball, 6D, EV 98.1 MPH)
|
|
Batting: RHB Joel Haycock
|
0-0: Ball 1-0: Swinging Strike 1-1: Foul Ball, location: 2F 1-2: Strikes out looking
|
|
Batting: RHB Jason Andrews
|
0-0: Called Strike 0-1: Swinging Strike 0-2: Strikes out swinging
|
|
Batting: SHB Eddie Quinones
|
0-0: Ball 1-0: Foul Ball, location: 2F 1-1: Ball 2-1: Ball 3-1: Swinging Strike 3-2: Foul Ball, location: 2F 3-2: Fly out, F8 (Flyball, 89M, EV 82.5 MPH)
|
| Top of the 3rd over - 0 runs, 1 hit, 0 errors, 1 left on base; Colorado 2 - Cincinnati 3 |
| BOTTOM OF THE 3RD |
|
Cincinnati Reds batting - Pitching for Colorado Rockies : RHP Colin Lancey Jr.
|
|
Batting: SHB Jun Tsuda
|
0-0: Called Strike 0-1: Called Strike 0-2: Foul Ball, location: 2F 0-2: Ball 1-2: Ball 2-2: SOLO HOME RUN (Flyball, 9D, EV 99.4 MPH), Distance : 382 ft
|
|
Batting: LHB Chris Grunwald
|
0-0: Called Strike 0-1: Ball 1-1: Ball 2-1: Ball 3-1: Foul Ball, location: 2F 3-2: DOUBLE (Flyball, 8RXD, EV 113.1 MPH)
|
|
Batting: LHB Antonio Figueroa
|
0-0: Ball 1-0: Foul Ball, location: 2F 1-1: Ball 2-1: Ground out 4-3 (Groundball, 4, EV 87.5 MPH) Chris Grunwald to third
|
|
Batting: RHB Willie Lazcano
|
0-0: Ball 1-0: Called Strike 1-1: Fly out, F3 (Popup, 3S, EV 75.0 MPH)
|
|
Batting: LHB Jon Ledesma
|
0-0: Swinging Strike 0-1: Ball 1-1: Swinging Strike 1-2: Foul Ball, location: 2F 1-2: Ball 2-2: Ground out 3-1 (Groundball, 34S, EV 89.4 MPH)
|
| Bottom of the 3rd over - 1 run, 2 hits, 0 errors, 1 left on base; Colorado 2 - Cincinnati 4 |
| TOP OF THE 4TH |
|
Colorado Rockies batting - Pitching for Cincinnati Reds : LHP Dave Rivera
|
|
Batting: SHB Andy Vivas
|
0-0: SINGLE (Line Drive, 78S, EV 106.2 MPH)
|
|
Batting: SHB Billy Encinias
|
0-0: Ball 1-0: Fly out, F9 (Flyball, 89D, EV 89.4 MPH)
|
|
Batting: SHB Jon Munoz
|
0-0: Foul Ball, location: 2F 0-1: Ball 1-1: Foul Ball, location: 2F 1-2: Strikes out swinging
|
|
Batting: RHB Sterling Acosta
|
0-0: Fly out, F4 (Popup, 4, EV 73.1 MPH)
|
| Top of the 4th over - 0 runs, 1 hit, 0 errors, 1 left on base; Colorado 2 - Cincinnati 4 |
| BOTTOM OF THE 4TH |
|
Cincinnati Reds batting - Pitching for Colorado Rockies : RHP Colin Lancey Jr.
|
|
Batting: RHB Steve Castleberry
|
0-0: Ball 1-0: Ground out 5-3 (Groundball, 25, EV 88.1 MPH)
|
|
Batting: RHB Takanibu Kaneshiro
|
0-0: Foul Ball, location: 2F 0-1: Ball 1-1: Swinging Strike 1-2: Strikes out swinging
|
|
Batting: SHB Dave Barefoot
|
0-0: Called Strike 0-1: SINGLE (Flyball, 89S, EV 88.1 MPH)
|
|
Batting: SHB Tony Prado
|
0-0: Ball 1-0: Swinging Strike 1-1: SINGLE (Groundball, 6S, EV 73.8 MPH) (infield hit) Dave Barefoot to second
|
|
Batting: SHB Jun Tsuda
|
0-0: Ball 1-0: Called Strike 1-1: Ball 2-1: Ball 3-1: Foul Ball, location: 2F 3-2: Strikes out looking
|
| Bottom of the 4th over - 0 runs, 2 hits, 0 errors, 2 left on base; Colorado 2 - Cincinnati 4 |
| TOP OF THE 5TH |
|
Colorado Rockies batting - Pitching for Cincinnati Reds : LHP Dave Rivera
|
|
Batting: LHB Freddy Troncoso
|
0-0: Ball 1-0: Foul Ball, location: 2F 1-1: Ball 2-1: DOUBLE (Flyball, 5D, EV 100.6 MPH)
|
|
Batting: RHB Henry Alvizo
|
0-0: Called Strike 0-1: Foul Ball, location: 2F 0-2: Ground out 1-3 (Groundball, 15S, EV 72.5 MPH)
|
|
Batting: RHB Joel Haycock
|
0-0: Foul Ball, location: 2F 0-1: Foul Ball, location: 2F 0-2: Strikes out swinging
|
|
Batting: RHB Jason Andrews
|
0-0: Ball 1-0: Foul Ball, location: 2F 1-1: Swinging Strike 1-2: SINGLE (Groundball, 6M, EV 101.9 MPH) (infield hit) Freddy Troncoso to third
|
|
Batting: SHB Eddie Quinones
|
0-0: Ball 1-0: Foul Ball, location: 2F 1-1: Foul Ball, location: 2F 1-2: Ball 2-2: Ball 3-2: Base on Balls Jason Andrews to second
|
|
Batting: SHB Andy Vivas
|
0-0: Foul Ball, location: 2F 0-1: Ball 1-1: Swinging Strike 1-2: Strikes out swinging
|
| Top of the 5th over - 0 runs, 2 hits, 0 errors, 3 left on base; Colorado 2 - Cincinnati 4 |
| BOTTOM OF THE 5TH |
|
Cincinnati Reds batting - Pitching for Colorado Rockies : RHP Colin Lancey Jr.
|
|
Batting: LHB Chris Grunwald
|
0-0: Ball 1-0: Foul Ball, location: 2F 1-1: Foul Ball, location: 2F 1-2: Ball 2-2: Foul Ball, location: 2F 2-2: Ball 3-2: SOLO HOME RUN (Flyball, 78XD, EV 100.6 MPH), Distance : 387 ft
|
|
Batting: LHB Antonio Figueroa
|
0-0: Fly out, F7 (Flyball, 78D, EV 101.2 MPH)
|
|
Batting: RHB Willie Lazcano
|
0-0: Called Strike 0-1: Ball 1-1: Fly out, F8 (Flyball, 8RM, EV 88.1 MPH)
|
|
Batting: LHB Jon Ledesma
|
0-0: Ball 1-0: Ground out U3 (Groundball, 34S, EV 85.0 MPH)
|
| Bottom of the 5th over - 1 run, 1 hit, 0 errors, 0 left on base; Colorado 2 - Cincinnati 5 |
| TOP OF THE 6TH |
|
Colorado Rockies batting - Pitching for Cincinnati Reds : LHP Dave Rivera
|
|
Batting: SHB Billy Encinias
|
0-0: Ball 1-0: Called Strike 1-1: Ball 2-1: Swinging Strike 2-2: Ball 3-2: Base on Balls
|
|
Batting: SHB Jon Munoz
|
0-0: Ball Billy Encinias steals 2nd base 1-0: Ball 2-0: 2-RUN HOME RUN (Flyball, 7D, EV 98.1 MPH), Distance : 378 ft
|
|
Batting: RHB Sterling Acosta
|
0-0: Called Strike 0-1: Ground out 4-3 (Groundball, 4, EV 105.0 MPH)
|
|
Batting: LHB Freddy Troncoso
|
0-0: Called Strike 0-1: Called Strike 0-2: Foul Ball, location: 2F 0-2: Ball 1-2: Strikes out swinging
|
|
Batting: RHB Henry Alvizo
|
0-0: Called Strike 0-1: Swinging Strike 0-2: Strikes out looking
|
| Top of the 6th over - 2 runs, 1 hit, 0 errors, 0 left on base; Colorado 4 - Cincinnati 5 |
| BOTTOM OF THE 6TH |
|
Cincinnati Reds batting - Pitching for Colorado Rockies : RHP Colin Lancey Jr.
|
|
Pitching: LHP Mike Nimmo
|
|
|
Batting: RHB Steve Castleberry
|
0-0: SINGLE (Line Drive, 7S, EV 106.9 MPH)
|
|
Batting: RHB Takanibu Kaneshiro
|
0-0: Ball 1-0: SINGLE (Groundball, 4MD, EV 106.2 MPH) Steve Castleberry to second Runner from 2nd tries for 3rd, SAFE, throw by CF made to third
|
|
Batting: SHB Dave Barefoot
|
0-0: Foul Ball, location: 2F 0-1: Ball 1-1: Fly out, F7 (Flyball, 7LD, EV 98.1 MPH) Runner from 3rd tags up, SCORES, no throw by LF
|
|
Batting: SHB Tony Prado
|
0-0: Called Strike 0-1: Ball 1-1: Called Strike 1-2: Ball 2-2: Fly out, F7 (Flyball, 7, EV 86.9 MPH)
|
|
Batting: SHB Jun Tsuda
|
0-0: Foul Ball, location: 2F 0-1: Ball 1-1: Swinging Strike 1-2: Foul Ball, location: 2F 1-2: Ground out 6-3 (Groundball, 56D, EV 85.6 MPH)
|
| Bottom of the 6th over - 1 run, 2 hits, 0 errors, 1 left on base; Colorado 4 - Cincinnati 6 |
| TOP OF THE 7TH |
|
Colorado Rockies batting - Pitching for Cincinnati Reds : LHP Dave Rivera
|
|
Pitching: RHP Matt Moffat
|
|
|
Batting: RHB Joel Haycock
|
0-0: Foul Ball, location: 2F 0-1: Called Strike 0-2: Ball 1-2: Ground out U3 (Groundball, 3L, EV 85.0 MPH)
|
|
Batting: RHB Jason Andrews
|
0-0: Called Strike 0-1: Ball 1-1: Swinging Strike 1-2: Ball 2-2: Strikes out swinging
|
|
Batting: SHB Eddie Quinones
|
0-0: Called Strike 0-1: Foul Ball, location: 2F 0-2: Strikes out swinging
|
| Top of the 7th over - 0 runs, 0 hits, 0 errors, 0 left on base; Colorado 4 - Cincinnati 6 |
| BOTTOM OF THE 7TH |
|
Cincinnati Reds batting - Pitching for Colorado Rockies : LHP Mike Nimmo
|
|
Pitching: LHP Eric Zielinski
|
|
|
Batting: LHB Chris Grunwald
|
0-0: Called Strike 0-1: Ball 1-1: Called Strike 1-2: Foul Ball, location: 2F 1-2: Foul Ball, location: 2F 1-2: Ground out 6-3 (Groundball, 6, EV 102.5 MPH)
|
|
Batting: LHB Antonio Figueroa
|
0-0: SINGLE (Flyball, 4MD, EV 90.0 MPH)
|
|
Batting: RHB Willie Lazcano
|
0-0: Called Strike 0-1: Grounds into double play, U6-3 (Groundball, 4M, EV 103.1 MPH)
|
| Bottom of the 7th over - 0 runs, 1 hit, 0 errors, 0 left on base; Colorado 4 - Cincinnati 6 |
| TOP OF THE 8TH |
|
Colorado Rockies batting - Pitching for Cincinnati Reds : RHP Matt Moffat
|
|
Batting: SHB Andy Vivas
|
0-0: SOLO HOME RUN (Flyball, 78XD, EV 107.5 MPH), Distance : 404 ft
|
|
Batting: SHB Billy Encinias
|
0-0: Ball 1-0: Called Strike 1-1: Ball 2-1: Foul Ball, location: 2F 2-2: Fly out, F9 (Line Drive, 9, EV 103.1 MPH)
|
|
Batting: SHB Jon Munoz
|
0-0: Ball 1-0: Called Strike 1-1: Ball 2-1: Foul Ball, location: 2F 2-2: Strikes out swinging
|
|
Batting: RHB Sterling Acosta
|
0-0: SINGLE (Groundball, 56S, EV 71.9 MPH) (infield hit)
|
|
Pitching: LHP Marco Berrios
|
|
|
Batting: LHB Freddy Troncoso
|
0-0: Ball 1-0: Called Strike 1-1: Foul Ball, location: 2F 1-2: Strikes out swinging
|
| Top of the 8th over - 1 run, 2 hits, 0 errors, 1 left on base; Colorado 5 - Cincinnati 6 |
| BOTTOM OF THE 8TH |
|
Cincinnati Reds batting - Pitching for Colorado Rockies : LHP Eric Zielinski
|
|
Pitching: RHP Tony Campos
|
|
|
Batting: LHB Jon Ledesma
|
0-0: Foul Ball, location: 2F 0-1: Ball 1-1: Fly out, F9 (Flyball, 9LM, EV 106.2 MPH)
|
|
Batting: RHB Steve Castleberry
|
0-0: Ball 1-0: Foul Ball, location: 2F 1-1: Ball 2-1: Ground out U3 (Groundball, 34S, EV 85.0 MPH)
|
|
Batting: RHB Takanibu Kaneshiro
|
0-0: Swinging Strike 0-1: Foul Ball, location: 2F 0-2: Strikes out swinging
|
| Bottom of the 8th over - 0 runs, 0 hits, 0 errors, 0 left on base; Colorado 5 - Cincinnati 6 |
| TOP OF THE 9TH |
|
Colorado Rockies batting - Pitching for Cincinnati Reds : LHP Marco Berrios
|
|
Pitching: RHP Junpei Yamazaki
|
|
|
Batting: RHB Henry Alvizo
|
0-0: Ball 1-0: Ball 2-0: Foul Ball, location: 2F 2-1: Fly out, F8 (Flyball, 8LD, EV 100.0 MPH)
|
|
Batting: RHB Joel Haycock
|
0-0: Called Strike 0-1: Ball 1-1: Foul Ball, location: 2F 1-2: Ball 2-2: Ball 3-2: Foul Ball, location: 2F 3-2: Foul Ball, location: 2F 3-2: Foul Ball, location: 2F 3-2: DOUBLE (Line Drive, 7LM, EV 110.0 MPH)
|
|
Batting: RHB Jason Andrews
|
0-0: Foul Ball, location: 2F 0-1: Called Strike 0-2: Foul Ball, location: 2F 0-2: Ball 1-2: Ball 2-2: SINGLE (Groundball, 4MD, EV 95.6 MPH) Joel Haycock to third
|
|
Batting: SHB Eddie Quinones
|
0-0: Called Strike 0-1: Ball 1-1: Swinging Strike 1-2: Strikes out swinging
|
|
Batting: SHB Andy Vivas
|
0-0: Called Strike 0-1: DOUBLE (Flyball, 8LXD, EV 101.9 MPH) Joel Haycock scores Jason Andrews to third Runner from 3rd tries for Home, SAFE, throw by CF to home
|
|
Batting: SHB Billy Encinias
|
0-0: Ball 1-0: Called Strike 1-1: Called Strike 1-2: Foul Ball, location: 2F 1-2: Ball 2-2: DOUBLE (Groundball, 5L, EV 101.2 MPH) Andy Vivas scores
|
|
Batting: SHB Jon Munoz
|
0-0: Ball 1-0: Called Strike 1-1: Called Strike 1-2: Ground out 4-3 (Groundball, 34, EV 106.2 MPH)
|
| Top of the 9th over - 3 runs, 4 hits, 0 errors, 1 left on base; Colorado 8 - Cincinnati 6 |
| BOTTOM OF THE 9TH |
|
Cincinnati Reds batting - Pitching for Colorado Rockies : RHP Tony Campos
|
|
Pitching: RHP Tye Dickinson
|
|
|
Batting: SHB Dave Barefoot
|
0-0: Ball 1-0: Called Strike 1-1: Called Strike 1-2: Foul Ball, location: 2F 1-2: Foul Ball, location: 2F 1-2: Ball 2-2: Ball 3-2: Strikes out looking
|
|
Batting: SHB Tony Prado
|
0-0: Ball 1-0: Foul Ball, location: 2F 1-1: Swinging Strike 1-2: Foul Ball, location: 2F 1-2: Foul Ball, location: 2F 1-2: Strikes out swinging
|
|
Batting: SHB Jun Tsuda
|
0-0: Called Strike 0-1: Foul Ball, location: 2F 0-2: Foul Ball, location: 2F 0-2: Ball 1-2: Foul Ball, location: 2F 1-2: Ball 2-2: Ball 3-2: Foul Ball, location: 2F 3-2: Foul Ball, location: 2F 3-2: SINGLE (Groundball, 56D, EV 110.0 MPH)
|
|
Batting: LHB Chris Grunwald
|
0-0: Foul Ball, location: 2F 0-1: Ball 1-1: Swinging Strike 1-2: Strikes out swinging
|
| Bottom of the 9th over - 0 runs, 1 hit, 0 errors, 1 left on base; Colorado 8 - Cincinnati 6 |
|